 Dungeon Crawl Stone Soup version 0.31-a0-1611-g890cdf5628 (webtiles) character file.

Game seed: 13627191979284323050

3957 Xavori the Ducker (level 10, -1/73 HPs)
             Began as a Djinni Chaos Knight on Jan 8, 2024.
             Was a Plaything of Xom.
             Shot with a sling bullet by Joseph (2 damage)
             ... on level 8 of the Dungeon.
             The game lasted 00:09:56 (9022 turns).

Xavori the Ducker (Djinni Chaos Knight)             Turns: 9022, Time: 00:09:56

Health: -1/73      AC: 12    Str: 11    XL:     10   Next: 45%
Gold:   516        EV: 15    Int: 20    God:    Xom [..*...] SH:  0 Dex: 17

rFire   + + .        B - +3 scimitar (freeze)
rCold   x . .        (no shield)
rNeg    . . .        y - +3 leather armour {rPois}
rPois   ∞            w - +2 hat
rElec   .            (no cloak)
rCorr   .            (no gloves)
SInv    .            (boots unavailable)
Will    +....        t - amulet of the acrobat
Stlth   +            A - +6 ring of intelligence
HPRegen 0.32/turn    s - ring of wizardry
MPRegen 0.00/turn

%: acrobat, wizardry (x1), infuse magic (-2 HP)
@: mighty, brilliant, flying
A: sickness immunity, fire resistance 2, cold vulnerability 1, float, innate
caster, HP casting, extra vitality 1, iridescent scales 2
a: Renounce Religion


You were on level 8 of the Dungeon.
You worshipped Xom.
You were a toy of Xom.
You visited 1 branch of the dungeon, and saw 8 of its levels.
You also visited: Bailey.

You collected 516 gold pieces.

Inventory:

Hand Weapons
 B - a +3 scimitar of freezing (weapon)
Missiles
 C - 2 throwing nets (quivered)
Armour
 w - a +2 hat (worn)
 y - a +3 leather armour of poison resistance (worn)
Jewellery
 o - a ring of positive energy
 s - a ring of wizardry (right hand)
 t - an amulet of the acrobat (around neck)
 A - a +6 ring of intelligence (left hand)
Wands
 d - a wand of roots (8)
 l - a wand of digging (6)
 m - a wand of flame (18)
 v - a wand of mindburst (13)
Scrolls
 c - a scroll of butterflies
 i - 2 scrolls of revelation
 j - 3 scrolls of immolation
 k - 3 scrolls of poison
 n - 2 scrolls of teleportation
 r - a scroll of fear
 F - a scroll of enchant weapon
Potions
 b - 3 potions of lignification
 e - a potion of ambrosia {unknown}
 f - a potion of heal wounds {unknown}
 g - a potion of attraction {unknown}
 h - 2 potions of mutation
 p - a potion of brilliance {unknown}
 q - a potion of invisibility {unknown}
 u - 2 potions of curing
 x - a potion of haste {unknown}
 z - a potion of degeneration {unknown}


   Skills:
 + Level 6.5 Fighting
 + Level 5.9 Long Blades
 + Level 5.8 Armour
 + Level 6.7 Dodging
 * Level 6.6 Spellcasting
 * Level 6.6 Conjurations
 * Level 6.6 Hexes
   Level 0.0 Charms
 * Level 6.6 Summonings
 * Level 6.6 Necromancy
 * Level 6.6 Translocations
   Level 0.0 Transmutations
 * Level 6.6 Fire Magic
 * Level 6.6 Ice Magic
 * Level 6.6 Air Magic
 * Level 6.6 Earth Magic
 * Level 6.6 Alchemy


You knew the following spells:

 Your Spells              Type           Power      Damage    Failure   Level
a - Sandblast             Erth           98%        2d20      1%          1
b - Mercury Vapours       Alch/Air       98%        N/A       1%          2
c - Passwall              Erth           49%        N/A       1%          3
d - Mephitic Cloud        Conj/Alch/Air  49%        N/A       1%          3
Your spell library was empty.

Dungeon Overview and Level Annotations

Branches:
Dungeon (8/15)             Temple (0/1) D:4          Bailey (visited)
   Lair: D:8-11

Altars:
Trog
Wu Jian
Yredelemnul

Shops:
D:1 [   D:4 [

Annotations:
D:8 Joseph


Innate Abilities, Weirdness & Mutations

You are immune to sickness and miasma.
You are immune to poison.
Your flesh is very heat resistant. (rF++)
You are vulnerable to cold. (rC-)
You float through the air rather than walking.
You learn spells naturally, not from books.
Your magical power is your life essence.
You have superior vitality. (+4 MHP)
You are mostly covered in iridescent scales. (AC +4)


Message History

Fumes of mercury billow around Maggie!
Maggie looks as sick as possible!
Maggie looks even weaker.
The jelly jiggles.
Maggie is engulfed in noxious fumes.
Maggie appears confused.
Unknown command.
The orc priest invokes the aid of Beogh against you.
Beogh smites you!
There is an open door here.
There's nothing to close nearby.
Okay, then.
Okay, then.
You reach down and close the door.
You start resting.
You feel a bit more experienced.
You start resting.
An orc priest opens the door.
It is wielding a +0 hand axe.
The jelly quivers.
The orc priest mumbles some strange prayers to Beogh against you.
Beogh smites you!
There is a broken door here.
You slash the orc priest! You freeze the orc priest!
You kill the orc priest! "Go forth and cause havoc, mortal!"
You feel clever all of a sudden. The jelly hits you.
You are splashed with acid.
* * * LOW HITPOINT WARNING * * *
You slash the jelly! You freeze the jelly.
You kill the jelly!
Joseph shoots a sling bullet.
The sling bullet hits you!
* * * LOW HITPOINT WARNING * * *
It was a potion of mutation.
You feel extremely strange.
Your thinking seems confused.
You feel less heat resistant.
You feel robust.
It was a potion of curing.
You feel better.
Joseph shoots a sling bullet.
The sling bullet completely misses you.
There is a stone staircase leading up here.
Joseph shoots a sling bullet.
The sling bullet hits you!
* * * LOW HITPOINT WARNING * * *
The sling bullet burns you.
You die...
Xom titters!

#### #...# <...
####.?.
#####....#
#@.##...#
#..)#...#
##.'#)..#+ #
#####@)...###..
#...)))........
#@...).⌠.......
#.............#
#####.....#####
#..#)..#'.#


You could see Joseph.

Vanquished Creatures
  Maurice (D:7)
  Maggie (D:8)
  Grum (Bailey)
  2 orc warriors (D:8)
  A sky beast (D:8)
  3 black bears
  5 wolves (Bailey)
  3 bullfrogs
  5 gnoll sergeants (Bailey)
  A scorpion (D:6)
  5 wights (D:6)
  2 howler monkeys
  3 crimson imps
  2 hounds (Bailey)
  2 jellies
  5 orc priests
  A bombardier beetle (D:5)
  4 gnoll boudas (Bailey)
  5 iguanas
  A sleepcap (D:6)
  Natasha (D:2)
  2 orc wizards (D:8)
  14 gnolls
  3 adders
  A white imp (D:7)
  2 ufetubi (D:6)
  A dart slug (D:1)
  2 ribbon worms
  33 orcs
  4 ball pythons
  4 endoplasms
  2 giant cockroaches
  5 hobgoblins
  6 kobolds
  4 quokkas
  A bat (D:1)
  12 goblins
  4 rats
154 creatures vanquished.

Vanquished Creatures (collateral kills)
  Eustachio (D:5)
  A wolf (Bailey)
  A gnoll sergeant (Bailey)
  An orc priest (D:8)
  2 gnoll boudas (Bailey)
  An orc (D:3)
  A bat (D:1)
8 creatures vanquished.

Vanquished Creatures (others)
  An orc wizard (D:8)
  2 orcs
  A ball python (D:4)
  A kobold (D:4)
5 creatures vanquished.

Grand Total: 167 creatures vanquished

Notes
Turn   | Place    | Note
-------+----------+-------------------------------------------
     0 | D:1      | Xavori the Djinni Chaos Knight began the quest for the Orb.
     0 | D:1      | Reached XP level 1. HP: 20/20 MP: 0/0
    81 | D:1      | Found a faded altar of an unknown god.
   132 | D:1      | Reached XP level 2. HP: 21/25 MP: 0/0
   175 | D:1      | Found Soolef's Armour Emporium.
   289 | D:1      | XOM is BORED!
   289 | D:1      | XOM: noise
   386 | D:1      | XOM: silly message
  1284 | D:1      | XOM: give mutations
  1284 | D:1      | Gained mutation: Armour fits poorly on your strangely
                  | shaped body. [Xom's mischief]
  1284 | D:1      | Gained mutation: You expend health (3 HP) to strengthen
                  | your wands. [Xom's mischief]
  1284 | D:1      | Lost mutation: Armour fits poorly on your strangely shaped
                  | body. [Xom's mischief]
  1652 | D:1      | XOM: give mutations
  1652 | D:1      | Gained mutation: Your flesh is almost immune to the effects
                  | of heat. (rF+++) [Xom's grace]
  1652 | D:1      | Gained mutation: Your spells are a little harder to cast,
                  | but a little more powerful. [Xom's grace]
  1652 | D:1      | Gained mutation: You are partially covered in iridescent
                  | scales. (AC +2) [Xom's grace]
  1652 | D:1      | Gained mutation: You are mostly covered in iridescent
                  | scales. (AC +4) [Xom's grace]
  1829 | D:1      | XOM is BORED!
  1829 | D:1      | XOM: give mutations
  1829 | D:1      | Gained mutation: You are frail. (-10% HP) [Xom's mischief]
  1829 | D:1      | Lost mutation: You expend health (3 HP) to strengthen your
                  | wands. [Xom's mischief]
  2114 | D:1      | XOM: silly message
  2340 | D:1      | XOM: 2-stop teleportation journey
  2409 | D:2      | Reached XP level 3. HP: 21/27 MP: 0/0
  2409 | D:2      | Learned a level 1 spell: Sandblast
  2446 | D:2      | Reached skill level 1 in Spellcasting
  2446 | D:2      | Reached skill level 1 in Conjurations
  2446 | D:2      | Reached skill level 1 in Hexes
  2446 | D:2      | Reached skill level 1 in Summonings
  2446 | D:2      | Reached skill level 1 in Necromancy
  2446 | D:2      | Reached skill level 1 in Translocations
  2446 | D:2      | Reached skill level 1 in Fire Magic
  2446 | D:2      | Reached skill level 1 in Ice Magic
  2446 | D:2      | Reached skill level 1 in Air Magic
  2446 | D:2      | Reached skill level 1 in Earth Magic
  2446 | D:2      | Reached skill level 1 in Alchemy
  2600 | D:2      | XOM: polymorph rat -> orc
  2815 | D:2      | Noticed Natasha
  2818 | D:2      | XOM: smoke on damage
  2819 | D:2      | Killed Natasha
  2820 | D:2      | Reached XP level 4. HP: 15/31 MP: 0/0
  3303 | D:3      | XOM: 4-stop teleportation journey
  3415 | D:3      | Reached XP level 5. HP: 32/36 MP: 0/0
  3415 | D:3      | Learned a level 2 spell: Mercury Vapours
  3772 | D:3      | XOM: give mutation
  3772 | D:3      | Gained mutation: You have a pair of small horns on your
                  | head. [Xom's mischief]
  3891 | D:3      | XOM: divination: magic mapping
  4120 | D:3      | XOM: 4-stop teleportation journey
  4199 | D:4      | XOM: 1-stop teleportation journey
  4240 | D:4      | Reached XP level 6. HP: 26/42 MP: 0/0
  4331 | D:4      | XOM: 1-stop teleportation journey
  4388 | D:4      | XOM: cloud trail
  4453 | D:4      | Found a staircase to the Ecumenical Temple.
  4690 | D:4      | Found Ipih Fuw's Armour Emporium.
  4990 | D:5      | Entered Level 5 of the Dungeon
  5149 | D:5      | Noticed Eustachio
  5151 | D:5      | XOM: summons friendly shadow imp
  5168 | D:5      | Killed Eustachio
  5169 | D:5      | Reached XP level 7. HP: 46/46 MP: 0/0
  5169 | D:5      | Learned a level 3 spell: Passwall
  5899 | D:6      | XOM: 1-stop teleportation journey
  6096 | D:6      | Reached XP level 8. HP: 41/52 MP: 0/0
  6098 | D:6      | XOM: polymorph orc -> giant cockroach
  6103 | D:6      | XOM: noise
  6109 | D:6      | XOM: enchant monster (good)
  6119 | D:6      | XOM: enchant monster (good)
  6402 | D:6      | Found a basalt altar of Yredelemnul.
  6909 | D:7      | Found a flagged portal.
  6910 | D:7      | Noticed Maurice
  6911 | D:7      | Maurice stole a ring of positive energy
  6913 | D:7      | Maurice stole 380 gold
  6919 | D:7      | Killed Maurice
  6920 | D:7      | Reached skill level 5 in Fighting
  6920 | D:7      | Reached skill level 5 in Dodging
  6920 | D:7      | Reached XP level 9. HP: 25/58 MP: 0/0
  6920 | D:7      | Learned a level 3 spell: Mephitic Cloud
  6968 | D:7      | XOM: give mutations
  6968 | D:7      | Lost mutation: Your spells are a little harder to cast, but
                  | a little more powerful. [Xom's mischief]
  6968 | D:7      | Gained mutation: You possess an exceptional clarity of
                  | mind. [Xom's mischief]
  6968 | D:7      | Lost mutation: You have a pair of small horns on your head.
                  | [Xom's mischief]
  6970 | Bailey   | Entered a bailey
  7008 | Bailey   | XOM: god gift: 31 gold pieces
  7053 | Bailey   | XOM: god gift: scroll labelled WIM DEEXTEOZ {god gift}
  7192 | Bailey   | Reached skill level 5 in Spellcasting
  7192 | Bailey   | Reached skill level 5 in Conjurations
  7192 | Bailey   | Reached skill level 5 in Hexes
  7192 | Bailey   | Reached skill level 5 in Summonings
  7192 | Bailey   | Reached skill level 5 in Necromancy
  7192 | Bailey   | Reached skill level 5 in Translocations
  7192 | Bailey   | Reached skill level 5 in Fire Magic
  7192 | Bailey   | Reached skill level 5 in Ice Magic
  7192 | Bailey   | Reached skill level 5 in Air Magic
  7192 | Bailey   | Reached skill level 5 in Earth Magic
  7192 | Bailey   | Reached skill level 5 in Alchemy
  7257 | Bailey   | Noticed Grum
  7274 | Bailey   | Reached skill level 5 in Long Blades
  7276 | Bailey   | Killed Grum
  7281 | Bailey   | XOM: divination: magic mapping
  7449 | Bailey   | Reached skill level 5 in Armour
  7456 | Bailey   | XOM: chaos upgrade
  7467 | Bailey   | XOM: scenery: summon butterflies
  7752 | D:7      | XOM: 4-stop teleportation journey
  7819 | D:7      | Reached XP level 10. HP: 64/64 MP: 0/0
  8103 | D:7      | XOM: silly message
  8175 | D:7      | Found an ornate altar of the Wu Jian Council.
  8314 | D:7      | Found a bloodstained altar of Trog.
  8366 | D:8      | XOM: scenery: 4 doors open
  8466 | D:8      | Noticed Maggie
  8468 | D:8      | XOM: silly message
  8469 | D:8      | XOM: potion effect (might)
  8542 | D:8      | XOM: smoke on damage
  8542 | D:8      | Noticed Joseph
  8983 | D:8      | XOM: potion effect (heal wounds)
  8993 | D:8      | XOM: potion effect (heal wounds)
  8999 | D:8      | XOM: potion effect (might)
  9011 | D:8      | Killed Maggie
  9015 | D:8      | XOM: potion effect (brilliance)
  9018 | D:8      | Lost mutation: You possess an exceptional clarity of mind.
                  | [potion of mutation]
  9018 | D:8      | Lost mutation: Your flesh is almost immune to the effects
                  | of heat. (rF+++) [potion of mutation]
  9018 | D:8      | Lost mutation: You are frail. (-10% HP) [potion of
                  | mutation]
  9022 | D:8      | HP: 1/73 [Joseph/sling bullet (14)]
  9022 | D:8      | Shot with a sling bullet by Joseph

Illustrated notes

Levels and vault maps discovered:
D:1:      dpeg_arrival_ternary, layout_rooms, serial_shops, shop,
          basic_ecumenical_altar
D:2:      layout_basic, nicolae_kite_square_tiling_tiny, uniq_natasha
D:3:      layout_loops_ring
D:4:      layout_basic, minmay_temple_entry_drinking_statues, serial_shops,
          nicolae_lakefront_shop
D:5:      layout_layer_cave, corner_web_ring, uniq_eustachio
D:6:      layout_loops_ring, yredelemnul_altar_generic
D:7:      layout_loops_ring, lemuel_round_altar, lemuel_coloured_pillars_altar,
          enter_bailey_3, dk_vineyard_1, uniq_maurice
D:8:      layout_gridville, overflow_temple_1_default, led_xom_imps,
          dpeg_lair_monsters, minivault_4, grunt_ministairs_6, uniq_joseph,
          uniq_maggie, uniq_pikel

Skill      XL: |  1  2  3  4  5  6  7  8  9 10 |
---------------+-------------------------------+-----
Spellcasting   | 1 2 3 4 5 6 |  6.6
Conjurations   | 1 2 3 4 5 6 |  6.6
Hexes          | 1 2 3 4 5 6 |  6.6
Summonings     | 1 2 3 4 5 6 |  6.6
Necromancy     | 1 2 3 4 5 6 |  6.6
Translocations | 1 2 3 4 5 6 |  6.6
Fire Magic     | 1 2 3 4 5 6 |  6.6
Ice Magic      | 1 2 3 4 5 6 |  6.6
Air Magic      | 1 2 3 4 5 6 |  6.6
Earth Magic    | 1 2 3 4 5 6 |  6.6
Alchemy        | 1 2 3 4 5 6 |  6.6
Long Blades    | 3 4 5 |  5.9
Armour         | 2 3 4 5 |  5.8
Dodging        | 3 4 5 6 |  6.7
Fighting       | 4 5 6 |  6.5

Action                     |  1- 3 |  4- 6 |  7- 9 | 10-12 || total
---------------------------+-------+-------+-------+-------++-------
  Melee: Falchion          |    61 |   136 |    93 |       ||   290
         Punch             |     1 |     1 |     6 |     1 ||     9
         Headbutt          |       |     4 |    24 |       ||    28
         Scimitar          |       |       |    98 |    53 ||   151
   Cast: Mercury Vapours   |       |    11 |     3 |     5 ||    19
         Sandblast         |       |       |     3 |       ||     3
         Mephitic Cloud    |       |       |     8 |     6 ||    14
  Evoke: Wand              |       |       |     5 |       ||     5
    Use: Scroll            |       |       |     7 |     4 ||    11
         Potion            |       |       |       |     2 ||     2
   Stab: Paralysed         |       |     1 |     3 |       ||     4
         Confused          |       |     1 |     1 |     3 ||     5
         Sleeping          |       |     1 |       |       ||     1
         Distracted        |       |       |     1 |       ||     1
 Armour: Leather armour    |    32 |    77 |   151 |    55 ||   315
  Dodge: Dodged            |    44 |    89 |   213 |    47 ||   393

Table legend: (Time is in decaauts)
 A = Elapsed time spent in this place.
 B = Non-inter-level travel time spent in this place.
 C = Inter-level travel time spent in this place.
 D = Time resting spent in this place.
 E = Time spent auto-exploring this place.
 F = Levels seen in this place.
 G = Mean time per level.
                   A        B        C        D        E       F      G
               +--------+--------+--------+--------+--------+-----+--------+
         Total |   9084 |   8825 |    259 |   2816 |   4597 |   9 | 1009.3 |
       Dungeon |   8333 |   8074 |    259 |   2557 |   4394 |   8 | 1041.6 |
        Bailey |    750 |    750 |      0 |    259 |    203 |   1 |  750.0 |
               +--------+--------+--------+--------+--------+-----+--------+

Top non-repeatable levels by time:
     D:1: 2351 daAuts
     D:7: 1481 daAuts
     D:6: 1008 daAuts
     D:3: 1004 daAuts
     D:2: 867 daAuts
     D:4: 795 daAuts
  Bailey: 750 daAuts
     D:5: 643 daAuts
     D:8: 181 daAuts
